 Dungeon Crawl Stone Soup version 0.24.0-13-gcf9b319 (webtiles) character file.

Game seed: 6581628190079901287, levelgen mode: deterministic

490 ClockworkOrrery the Ducker (level 7, -6/59 HPs)
             Began as a Gnoll Monk on Dec 6, 2019.
             Killed from afar by Dowan (15 damage)
             ... with a stone arrow
             ... on level 4 of the Dungeon on Feb 2, 2020.
             The game lasted 00:14:15 (4120 turns).

ClockworkOrrery the Ducker (Gnoll Monk)             Turns: 4120, Time: 00:14:16

Health: -6/59      AC: 12    Str: 14    XL:     7   Next: 14%
Magic:  10/10      EV:  9    Int: 14    God:
Gold:   231        SH:  0    Dex: 17    Spells: 10/10 levels left

rFire    . . .     SeeInvis .   a - +0 mace
rCold    . . .     Gourm    .   (no shield)
rNeg     + . .     Faith    .   i - +0 chain mail
rPois    .         Spirit   .   v - +1 helmet
rElec    .         Reflect  .   (no cloak)
rCorr    .         Harm     .   g - +0 pair of gloves
MR       +....                  (no boots)
Stlth    ..........             (no amulet)
HPRegen  0.19/turn              h - ring of positive energy
MPRegen  0.12/turn              o - ring of protection from magic

@: no status effects
A: distributed training, fangs 1, strong nose
a: no special abilities


You were on level 4 of the Dungeon.
You were not hungry.

You visited 1 branch of the dungeon, and saw 4 of its levels.
You also visited: Sewer.

You collected 231 gold pieces.

Inventory:

Hand Weapons
 a - a +0 mace (weapon)
Armour
 g - a +0 pair of gloves (worn)
 i - a +0 chain mail (worn)
 v - a +1 helmet (worn)
Jewellery
 h - a ring of positive energy (left hand)
 l - an uncursed ring of protection from cold
 o - a ring of protection from magic (right hand)
Scrolls
 d - 3 scrolls of teleportation
 n - a scroll of remove curse
 q - 2 scrolls of fog {unknown}
 s - a scroll of enchant weapon {unknown}
 t - 2 scrolls of identify {unknown}
 x - a scroll of fear {unknown}
Potions
 b - 5 potions of curing {unknown}
 e - a potion of invisibility {unknown}
 f - 2 potions of agility {unknown}
 j - a potion of berserk rage {unknown}
 k - a potion of cancellation {unknown}
 m - 3 potions of brilliance {unknown}
 p - a potion of magic {unknown}
 r - a potion of resistance {unknown}
 u - a potion of mutation {unknown}
 w - 2 potions of heal wounds
Comestibles
 c - 7 rations


   Skills:
 + Level 6.9 Fighting
 + Level 2.2 Short Blades
 + Level 2.2 Long Blades
 + Level 2.2 Axes
 + Level 6.9 Maces & Flails
 + Level 2.2 Polearms
 + Level 2.2 Staves
 + Level 2.2 Slings
 + Level 2.2 Bows
 + Level 2.2 Crossbows
 + Level 2.2 Throwing
 + Level 2.2 Armour
 + Level 6.9 Dodging
 + Level 4.7 Stealth
 + Level 2.2 Shields
 + Level 2.2 Unarmed Combat
 + Level 2.2 Spellcasting
 + Level 1.8 Conjurations
 + Level 1.8 Hexes
 + Level 1.8 Charms
 + Level 1.8 Summonings
 + Level 1.8 Necromancy
 + Level 1.8 Translocations
 + Level 1.8 Transmutations
 + Level 1.8 Fire Magic
 + Level 1.8 Ice Magic
 + Level 1.8 Air Magic
 + Level 1.8 Earth Magic
 + Level 1.8 Poison Magic
 + Level 2.5 Invocations
 + Level 2.2 Evocations


You had 10 spell levels left.
You didn't know any spells.
Your spell library was empty.

Dungeon Overview and Level Annotations

Branches:
Dungeon (4/15)             Temple (0/1) D:4           Sewer (visited)

Altars:
Nemelex Xobeh
Uskayaw

Annotations:
D:4 Dowan


Innate Abilities, Weirdness & Mutations

Your experience applies equally to all skills.
You have very sharp teeth.
Your uncanny sense of smell can sniff out nearby items.


Message History

You hit Duvessa but do no damage.
Duvessa is almost dead.
The orc priest looks satisfied for a moment.
Duvessa barely misses you.
You hit Duvessa.
Duvessa is almost dead.
Duvessa hits you but does no damage.
You barely miss Duvessa.
Duvessa is almost dead.
Dowan casts a spell.
Dowan blinks!
Duvessa barely misses you.
You thump Duvessa!
You kill Duvessa!
Dowan's eyes darken. "You have made a black mistake."
Dowan seems to find hidden reserves of power!
You have reached level 7!
Dowan says, "Magic will overcome all!"
Dowan casts a spell at you. The stone arrow hits you!
You die...

#.#####.# *,* #.# #.# *,*
#.#####.# *,* *############
#.......# *,* ,,..........#
#...###.#**,**** #,*#≈≈≈≈≈##.#
#...# #..,,,,,,, #.##≈≈≈≈≈##.#
####..###.#,,,,,*, #.≈≈..≈.)≈≈.#
#.e......#**,,,**, #.≈≈.....e≈.##
#@##.##### **,****
#.≈≈.........###)#### *,*
#.≈≈..≈..≈≈..o.§o# *,*
#.≈≈.....≈≈.####.#*** **+**
#.##≈≈≈≈≈##.# #...,** **,,,**
#,*#≈≈≈≈≈##.# #.##..*****,,,,,**
*,≈.........# ###**...,,,,,,,,,*
*##....######*******,##**,,,,,,,,
,,......,∆,,,,,**,,,,****,,,,,,,,


You could see Dowan and an orc priest.

Vanquished Creatures
  Duvessa (D:4)
  An ice beast (D:3)
  An orc wizard (D:3)
  Robin (D:3)
  8 adders
  7 river rats (Sewer)
  3 worms (D:2)
  A dart slug (D:1)
  3 leopard geckos
  6 orcs (D:3)
  9 bats
  21 goblins
  6 hobgoblins
  5 jackals
  4 kobolds
  2 quokkas (D:2)
  5 ball pythons
  A ball python skeleton (D:4)
  8 frilled lizards
  15 rats
108 creatures vanquished.

Vanquished Creatures (others)
  A quokka (D:4)
1 creature vanquished.

Grand Total: 109 creatures vanquished

Notes
Turn   | Place    | Note
-------+----------+-------------------------------------------
     0 | D:1      | ClockworkOrrery the Gnoll Monk began the quest for the Orb.
     0 | D:1      | Reached XP level 1. HP: 23/23 MP: 1/1
   134 | D:1      | Found a sparkling altar of Nemelex Xobeh.
   243 | D:1      | Reached XP level 2. HP: 17/29 MP: 2/2
  1025 | D:1      | Reached XP level 3. HP: 28/35 MP: 3/3
  1210 | D:2      | Reached skill level 1 in Invocations
  1328 | D:2      | Found a hide-covered altar of Uskayaw.
  1430 | D:2      | Reached skill level 1 in Short Blades
  1430 | D:2      | Reached skill level 1 in Long Blades
  1430 | D:2      | Reached skill level 1 in Axes
  1430 | D:2      | Reached skill level 1 in Polearms
  1430 | D:2      | Reached skill level 1 in Staves
  1430 | D:2      | Reached skill level 1 in Slings
  1430 | D:2      | Reached skill level 1 in Bows
  1430 | D:2      | Reached skill level 1 in Crossbows
  1430 | D:2      | Reached skill level 1 in Throwing
  1430 | D:2      | Reached skill level 1 in Armour
  1430 | D:2      | Reached skill level 1 in Shields
  1430 | D:2      | Reached skill level 1 in Unarmed Combat
  1430 | D:2      | Reached skill level 1 in Spellcasting
  1430 | D:2      | Reached skill level 1 in Evocations
  1465 | D:2      | Reached XP level 4. HP: 31/41 MP: 5/5
  1920 | D:3      | Reached skill level 1 in Conjurations
  1920 | D:3      | Reached skill level 1 in Hexes
  1920 | D:3      | Reached skill level 1 in Charms
  1920 | D:3      | Reached skill level 1 in Summonings
  1920 | D:3      | Reached skill level 1 in Necromancy
  1920 | D:3      | Reached skill level 1 in Translocations
  1920 | D:3      | Reached skill level 1 in Transmutations
  1920 | D:3      | Reached skill level 1 in Fire Magic
  1920 | D:3      | Reached skill level 1 in Ice Magic
  1920 | D:3      | Reached skill level 1 in Air Magic
  1920 | D:3      | Reached skill level 1 in Earth Magic
  1920 | D:3      | Reached skill level 1 in Poison Magic
  2176 | D:3      | Reached XP level 5. HP: 35/47 MP: 6/6
  2473 | D:3      | Noticed an ice beast
  2491 | D:3      | Killed an ice beast
  2491 | D:3      | Reached XP level 6. HP: 41/53 MP: 8/8
  2625 | D:3      | Noticed Robin
  2669 | D:3      | Killed Robin
  3315 | D:4      | Found a glowing drain.
  3327 | D:4      | Noticed Dowan
  3328 | D:4      | Noticed Duvessa
  3336 | Sewer    | Entered a sewer
  4120 | D:4      | Killed Duvessa
  4120 | D:4      | Reached XP level 7. HP: 9/59 MP: 10/10
  4120 | D:4      | Killed from afar by Dowan

Levels and vault maps discovered:
D:1:      minmay_arrival_jagged, layout_loops_ring,
          minmay_misc_feat_secret_circle, nemelex_xobeh_ov_fountains_minmay
D:2:      layout_rooms, lemuel_doored_altar, first_ration, grunt_ministairs_2,
          minmay_misc_feat_roman, nrook_campfire, minmay_nonomino_d4
D:3:      layout_loops_corners, chequers_serial_rivers_small_b, uniq_robin
D:4:      layout_loops_corners, nicolae_overflow_crystal_walls,
          nicolae_ru_sacrificial_ziggurat, minmay_temple_entry_proselytizer,
          cheibrodos_sewer_entry_sluice, uniq_duvessa

Skill      XL: |  1  2  3  4  5  6 |
---------------+-------------------+-----
Invocations    | 1 2 |  2.5
Short Blades   | 1 2 |  2.2
Long Blades    | 1 2 |  2.2
Axes           | 1 2 |  2.2
Polearms       | 1 2 |  2.2
Staves         | 1 2 |  2.2
Slings         | 1 2 |  2.2
Bows           | 1 2 |  2.2
Crossbows      | 1 2 |  2.2
Throwing       | 1 2 |  2.2
Armour         | 1 2 |  2.2
Shields        | 1 2 |  2.2
Unarmed Combat | 1 2 |  2.2
Spellcasting   | 1 2 |  2.2
Evocations     | 1 2 |  2.2
Conjurations   | 1 |  1.8
Hexes          | 1 |  1.8
Charms         | 1 |  1.8
Summonings     | 1 |  1.8
Necromancy     | 1 |  1.8
Translocations | 1 |  1.8
Transmutations | 1 |  1.8
Fire Magic     | 1 |  1.8
Ice Magic      | 1 |  1.8
Air Magic      | 1 |  1.8
Earth Magic    | 1 |  1.8
Poison Magic   | 1 |  1.8
Fighting       | |  6.9
Maces & Flails | |  6.9
Dodging        | |  6.9
Stealth        | |  4.7

Action                   |  1- 3 |  4- 6 |  7- 9 || total
-------------------------+-------+-------+-------++-------
Melee: Mace              |   127 |   344 |       ||   471
       Bite              |    11 |    34 |       ||    45
       Punch             |       |     1 |       ||     1
  Use: Scroll            |     3 |     1 |       ||     4
 Stab: Sleeping          |    10 |       |       ||    10
  Eat: Chunk             |     2 |     9 |       ||    11
Armor: Robe              |     3 |       |       ||     3
       Chain mail        |    68 |   173 |       ||   241
Dodge: Dodged            |    79 |   172 |       ||   251
